 Dungeon Crawl Stone Soup version 0.21.0 (webtiles) character file.

520 Blackhawk the Cudgeler (level 7, 0/91 HPs)
             Began as a Yellow Draconian Berserker on May 29, 2018.
             Was a Believer of Trog.
             Slain by a gnoll
             ... wielding a +0 spear
              (6 damage)
             ... on level 4 of the Dungeon.
             The game lasted 00:07:46 (2591 turns).

Blackhawk the Cudgeler (Yellow Draconian Berserker) Turns: 2591, Time: 00:07:46

Health: 0/91       AC:  7    Str: 26    XL:     7   Next: 1%
Magic:  7/7        EV: 13    Int:  7    God:    Trog [**....]
Gold:   192        SH:  0    Dex: 11    Spells: 6/6 levels left

rFire    . . .     SeeInvis .   u - +1 mace (drain)
rCold    . . .     Gourm    .   (no shield)
rNeg     . . .     Faith    .   (armour unavailable)
rPois    .         Spirit   .   (helmet restricted)
rElec    .         Reflect  .   t - +0 cloak
rCorr    +         Harm     .   (no gloves)
MR       .....                  (no boots)
Stlth    ..........             (no amulet)
HPRegen  0.25/turn              (no ring)
MPRegen  0.10/turn              (no ring)

@: berserking, very quick
A: spit acid, acid resistance, unfitting armour, cold-blooded, AC +6
a: Breathe Acid, Berserk, Trog's Hand, Burn Spellbooks, Renounce Religion


You were on level 4 of the Dungeon.
You worshipped Trog.
Trog was pleased with you.
You were hungry.

You visited 1 branch of the dungeon, and saw 4 of its levels.

You collected 192 gold pieces.

Inventory:

Hand Weapons
 a - a +0 mace
 s - a +2 quarterstaff of chaos
 u - a +1 mace of draining (weapon)
Armour
 t - a +0 cloak (worn)
Jewellery
 v - a cursed -2 ring of protection {unknown}
 w - an uncursed ring of protection from magic {unknown}
Wands
 o - a wand of enslavement (24)
Scrolls
 c - 2 scrolls of amnesia
 g - 2 scrolls of blinking {unknown}
 i - 2 scrolls of random uselessness {unknown}
 k - 2 scrolls of enchant armour {unknown}
 m - 3 scrolls of remove curse {unknown}
 n - 2 scrolls of teleportation {unknown}
 p - a scroll of immolation {unknown}
Potions
 d - 2 potions of heal wounds
 e - a potion of flight {unknown}
 h - 2 potions of curing
 j - a potion of might {unknown}
 l - a potion of cancellation
 q - a potion of brilliance {unknown}
 r - a potion of agility {unknown}
Comestibles
 b - 8 rations
 f - a chunk of flesh


   Skills:
 + Level 5.1 Fighting
 + Level 6.0 Maces & Flails
 + Level 4.3 Dodging
 - Level 0.1 Stealth


You had 6 spell levels left.
You didn't know any spells.

Dungeon Overview and Level Annotations

Branches:
Dungeon (4/15)
 Temple: D:4-7

Altars:
Cheibriados
Vehumet
Wu Jian
Xom
Zin


Innate Abilities, Weirdness & Mutations

You can spit globs of acid.
You are resistant to acid.
Your golden yellow scales are hard. (AC +6)
You cannot fit into any form of body armour.
You are cold-blooded and may be slowed by cold attacks.


Message History

The orc wizard hits you but does no damage.
The gnoll barely misses you. The gnoll misses you.
The orc wizard hits you but does no damage.
You hit the orc wizard.
You kill the orc wizard!
Trog accepts your kill.
Trog appreciates your killing of a magic user.
The gnoll hits you from afar with a spear.
* * * LOW HITPOINT WARNING * * *
The gnoll barely misses you. The gnoll hits you with a flail.
* * * LOW HITPOINT WARNING * * *
You sock the gnoll! You drain the gnoll!
You kill the gnoll!
Trog accepts your kill.
Your Maces & Flails skill increases to level 6!
You have reached level 7!
Your scales start taking on a golden yellow colour.
You can spit globs of acid.
You are resistant to acid.
The gnoll hits you from afar with a spear.
You die...

.##..##..# .........#
.........#
+##..##.###############.
..#..##.#...............
..#.....#...............
..'.....#...............
..#######†....gg)).....>
..............##@####+##
......%..o§...#....#
..............#.^..#
.....o........#....#
...........g..#....#
..............#....#
...####+#.....#+####
...# .....+ ... .....#


You could see 2 gnolls.

Vanquished Creatures
  2 ogres (D:3)
  2 hounds (D:3)
  A gnoll shaman (D:4)
  Crazy Yiuf (D:2)
  An orc priest (D:3)
  2 orc wizards
  Ijyb (D:3)
  2 gnolls (D:4)
  5 adders
  A worm (D:3)
  A dart slug (D:2)
  A leopard gecko (D:1)
  7 orcs (D:3)
  8 goblins
  8 hobgoblins
  7 jackals
  3 kobolds
  A quokka (D:4)
  2 ball pythons (D:3)
  3 bats
  2 rats
61 creatures vanquished.

Vanquished Creatures (others)
  A giant cockroach (D:3)
1 creature vanquished.

Grand Total: 62 creatures vanquished

Notes
Turn   | Place    | Note
-------+----------+-------------------------------------------
     0 | D:1      | Blackhawk the Draconian Berserker began the quest for the Orb.
     0 | D:1      | Reached XP level 1. HP: 19/19 MP: 1/1
   428 | D:1      | Reached XP level 2. HP: 16/26 MP: 2/2
   877 | D:2      | Reached XP level 3. HP: 32/33 MP: 3/3
  1125 | D:2      | Found a snail-covered altar of Cheibriados.
  1127 | D:2      | Found a deep blue altar of Sif Muna.
  1127 | D:2      | Found a radiant altar of Vehumet.
  1130 | D:2      | Found a glowing silver altar of Zin.
  1130 | D:2      | Found a shimmering altar of Xom.
  1130 | D:2      | Found a shimmering altar of Xom.
  1193 | D:2      | Found a runed door.
  1329 | D:2      | Noticed Crazy Yiuf
  1333 | D:2      | Killed Crazy Yiuf
  1333 | D:2      | Reached ** piety under Trog
  1424 | D:3      | Reached XP level 4. HP: 38/40 MP: 4/4
  1491 | D:3      | Reached skill level 4 in Maces & Flails
  1580 | D:3      | Noticed an ogre
  1581 | D:3      | Noticed Ijyb
  1584 | D:3      | Found a radiant altar of Vehumet.
  1586 | D:3      | Killed an ogre
  1586 | D:3      | Reached XP level 5. HP: 45/47 MP: 5/5
  1595 | D:3      | Killed Ijyb
  1779 | D:3      | Reached skill level 5 in Maces & Flails
  2050 | D:3      | Reached XP level 6. HP: 49/53 MP: 6/6
  2211 | D:4      | Found an ornate altar of the Wu Jian Council.
  2276 | D:3      | Reached skill level 5 in Fighting
  2591 | D:4      | Reached skill level 6 in Maces & Flails
  2591 | D:4      | Your scales start taking on a golden yellow colour.
  2591 | D:4      | Reached XP level 7. HP: 6/61 MP: 7/7
  2591 | D:4      | Slain by a gnoll

Skill      XL: |  1  2  3  4  5  6 |
---------------+-------------------+-----
Dodging        | 3 4 |  4.3
Fighting       | 4 5 |  5.1
Maces & Flails | 4 5 6 |  6.0
Stealth        | |  0.1

Action                   |  1- 3 |  4- 6 |  7- 9 || total
-------------------------+-------+-------+-------++-------
Melee: Mace              |    65 |   115 |       ||   180
       Tailslap          |     4 |    18 |       ||    22
Invok: Berserk           |     1 |     2 |       ||     3
  Use: Scroll            |       |     9 |       ||     9
 Stab: Sleeping          |     1 |       |       ||     1
  Eat: Chunk             |     3 |     5 |       ||     8
Armor: Skin              |    12 |    33 |       ||    45
Dodge: Dodged            |    54 |   104 |       ||   158
